PBL
LONDON MAJORS @ SOUTHERN MARYLAND BLUE CRABS
10/08/2046
 
TOP OF THE 1ST
London Majors batting - Pitching for Paris Cubs : LHP Victor Colon
Pitching: LHP Victor Colon
Batting: RHB Manny Valencia 0-0: SINGLE (Line Drive, 4MD, EV 97.5 MPH)
Batting: RHB Eddie Clark 0-0: Fly out, F8 (Flyball, 8LD, EV 97.5 MPH)
Runner from 1st tags up, SAFE at 2nd
Batting: SHB Gregg Whitecotton 0-0: Called Strike
0-1: Foul Ball, location: 2F
0-2: Ball
1-2: Ground out 5-3 (Groundball, 5L, EV 90.0 MPH)
Batting: RHB Dale Aubrey 0-0: Ball
1-0: Foul Ball, location: 2F
1-1: Called Strike
1-2: Foul Ball, location: 2F
1-2: Ball
2-2: Ground out 4-3 (Groundball, 34, EV 100.6 MPH)
Top of the 1st over - 0 runs, 1 hit, 0 errors, 1 left on base; London 0 - Paris 0
BOTTOM OF THE 1ST
Paris Cubs batting - Pitching for London Majors : LHP Shintaro Wada
Pitching: LHP Shintaro Wada
Batting: SHB Dave Farrow 0-0: Ball
1-0: Foul Ball, location: 2F
1-1: Swinging Strike
1-2: Ball
2-2: Strikes out looking and he physically ARGUES THE CALL AND IS TOSSED!
Batting: SHB A.J. Purcell 0-0: Ball
1-0: Called Strike
1-1: Called Strike
1-2: Fly out, F9 (Flyball, 89S, EV 85.0 MPH)
Batting: RHB Mike Manchester 0-0: Foul Ball, location: 2F
0-1: Ball
1-1: Ball
2-1: Called Strike
2-2: Ball
3-2: Base on Balls
Batting: RHB Shigeru Maeda 0-0: Ball
1-0: SINGLE (Line Drive, 7LM, EV 106.3 MPH)
Mike Manchester to second
Runner from 2nd tries for 3rd, SAFE, throw by LF made to third
Batting: RHB Andrew Levitz 0-0: Ball
1-0: Swinging Strike
1-1: Ball
2-1: Called Strike
2-2: Foul Ball, location: 2F
2-2: Foul Ball, location: 2F
2-2: Fielders Choice at 2nd, 6-4 (Groundball, 6, EV 83.8 MPH)
Bottom of the 1st over - 0 runs, 1 hit, 0 errors, 2 left on base; London 0 - Paris 0
TOP OF THE 2ND
London Majors batting - Pitching for Paris Cubs : LHP Victor Colon
Now at 3B: Ed Delgado
Batting: LHB Willie Garza 0-0: Called Strike
0-1: Ground out 4-3 (Groundball, 4, EV 95.6 MPH)
Batting: SHB Raul Flores 0-0: Hit by Pitch
Batting: RHB Steve Poling 0-0: Foul Ball, location: 2F
0-1: Ball
1-1: Swinging Strike
1-2: Fly out, F8 (Flyball, 89S, EV 90.0 MPH)
Batting: LHB Alfonso Collazo 0-0: Called Strike
0-1: Ball
1-1: Swinging Strike
1-2: Ground out 4-3 (Groundball, 4, EV 106.9 MPH)
Top of the 2nd over - 0 runs, 0 hits, 0 errors, 1 left on base; London 0 - Paris 0
BOTTOM OF THE 2ND
Paris Cubs batting - Pitching for London Majors : LHP Shintaro Wada
Batting: SHB Marty Wiedmann 0-0: Ball
1-0: Ball
2-0: Ball
3-0: Base on Balls
Batting: RHB Jonathan Gallup 0-0: Ball
1-0: Called Strike
1-1: Foul Ball, location: 2F
1-2: Ball
2-2: Foul Ball, location: 2F
2-2: DOUBLE (Line Drive, 3D, EV 96.9 MPH)
Marty Wiedmann to third
Batting: RHB Tokaji Sakamoto 0-0: Foul Ball, location: 2F
0-1: Fly out, F9 (Flyball, 9LS, EV 83.1 MPH)
Batting: LHB Steve Beckenbach 0-0: Ball
1-0: Ball
2-0: Ball
3-0: Called Strike
3-1: Base on Balls
Batting: RHB Ed Delgado 0-0: Foul Ball, location: 2F
0-1: Fly out, F8 (Line Drive, 8RM, EV 92.5 MPH)
Lined into DP, 8-6 (Line Drive, 8RM, EV 92.5 MPH)
Bottom of the 2nd over - 0 runs, 1 hit, 0 errors, 2 left on base; London 0 - Paris 0
TOP OF THE 3RD
London Majors batting - Pitching for Paris Cubs : LHP Victor Colon
Batting: RHB Steve Bradford 0-0: Called Strike
0-1: Foul Ball, location: 2F
0-2: Ball
1-2: Ball
2-2: Ground out 5-3 (Groundball, 56S, EV 84.4 MPH)
Batting: RHB Manny Valencia 0-0: Ball
1-0: Ball
2-0: Ball
3-0: Called Strike
3-1: Fly out, F4 (Popup, 4M, EV 71.9 MPH)
Batting: RHB Eddie Clark 0-0: Foul Ball, location: 2F
0-1: Foul Ball, location: 2F
0-2: Ball
1-2: Ball
2-2: Ball
3-2: Fly out, F4 (Popup, 4, EV 66.9 MPH)
Top of the 3rd over - 0 runs, 0 hits, 0 errors, 0 left on base; London 0 - Paris 0
BOTTOM OF THE 3RD
Paris Cubs batting - Pitching for London Majors : LHP Shintaro Wada
Batting: SHB A.J. Purcell 0-0: Swinging Strike
0-1: Foul Ball, location: 2F
0-2: Ball
1-2: Ball
2-2: Ball
3-2: Strikes out swinging
Batting: RHB Mike Manchester 0-0: Ball
1-0: Called Strike
1-1: Fly out, F7 (Flyball, 78XD, EV 95.0 MPH)
Batting: RHB Shigeru Maeda 0-0: Ball
1-0: Ball
2-0: Ball
3-0: Called Strike
3-1: SINGLE (Groundball, 4MD, EV 101.9 MPH)
Batting: RHB Andrew Levitz 0-0: Ball
1-0: Swinging Strike
1-1: Swinging Strike
1-2: Foul Ball, location: 2F
1-2: Strikes out swinging
Bottom of the 3rd over - 0 runs, 1 hit, 0 errors, 1 left on base; London 0 - Paris 0
TOP OF THE 4TH
London Majors batting - Pitching for Paris Cubs : LHP Victor Colon
Batting: SHB Gregg Whitecotton 0-0: Called Strike
0-1: Called Strike
0-2: Ball
1-2: Ball
2-2: Foul Ball, location: 2F
2-2: DOUBLE (Line Drive, 78D, EV 101.9 MPH)
Batting: RHB Dale Aubrey 0-0: Called Strike
0-1: Ball
1-1: Ball
2-1: Ball
3-1: Base on Balls
Batting: LHB Willie Garza 0-0: Ball
1-0: Foul Ball, location: 2F
1-1: Fly out, F9 (Line Drive, 9D, EV 90.0 MPH)
Runner from 2nd tags up, SAFE at 3rd, no throw by RF
Batting: SHB Raul Flores 0-0: Fielders Choice at 2nd, 1-4 (Groundball, 15S, EV 68.8 MPH)
Batting: RHB Steve Poling 0-0: Fly out, F7 (Flyball, 7, EV 86.3 MPH)
Top of the 4th over - 0 runs, 1 hit, 0 errors, 2 left on base; London 0 - Paris 0
BOTTOM OF THE 4TH
Paris Cubs batting - Pitching for London Majors : LHP Shintaro Wada
Batting: SHB Marty Wiedmann 0-0: Swinging Strike
0-1: Called Strike
0-2: Strikes out looking
Batting: RHB Jonathan Gallup 0-0: Fly out, F8 (Line Drive, 8LD, EV 93.1 MPH)
Batting: RHB Tokaji Sakamoto 0-0: Ground out 4-3 (Groundball, 4, EV 78.8 MPH)
Bottom of the 4th over - 0 runs, 0 hits, 0 errors, 0 left on base; London 0 - Paris 0
TOP OF THE 5TH
London Majors batting - Pitching for Paris Cubs : LHP Victor Colon
Batting: LHB Alfonso Collazo 0-0: Called Strike
0-1: Ball
1-1: Foul Ball, location: 2F
1-2: Strikes out swinging
Batting: RHB Steve Bradford 0-0: Ball
1-0: Called Strike
1-1: SINGLE (Groundball, 34D, EV 99.4 MPH)
Batting: RHB Manny Valencia 0-0: Foul Ball, location: 2F
0-1: Ball
1-1: Ball
2-1: Grounds into double play, 6-4-3 (Groundball, 6, EV 81.9 MPH)
Top of the 5th over - 0 runs, 1 hit, 0 errors, 0 left on base; London 0 - Paris 0
BOTTOM OF THE 5TH
Paris Cubs batting - Pitching for London Majors : LHP Shintaro Wada
Batting: LHB Steve Beckenbach 0-0: Foul Ball, location: 2F
0-1: Foul Ball, location: 2F
0-2: Foul Ball, location: 2F
0-2: Ground out 4-3 (Groundball, 4M, EV 88.8 MPH)
Batting: RHB Ed Delgado 0-0: Foul Ball, location: 2F
0-1: Ball
1-1: Swinging Strike
1-2: Foul Ball, location: 2F
1-2: Strikes out swinging
Batting: SHB A.J. Purcell 0-0: Called Strike
0-1: Called Strike
0-2: Ball
1-2: Ball
2-2: Strikes out looking
Bottom of the 5th over - 0 runs, 0 hits, 0 errors, 0 left on base; London 0 - Paris 0
TOP OF THE 6TH
London Majors batting - Pitching for Paris Cubs : LHP Victor Colon
Batting: RHB Eddie Clark 0-0: Called Strike
0-1: Ball
1-1: Swinging Strike
1-2: Foul Ball, location: 2F
1-2: Ball
2-2: Foul Ball, location: 2F
2-2: Strikes out looking
Batting: SHB Gregg Whitecotton 0-0: Called Strike
0-1: SINGLE (Groundball, 4MD, EV 107.5 MPH)
Batting: RHB Dale Aubrey 0-0: Swinging Strike
0-1: Ball
1-1: Foul Ball, location: 2F
1-2: Foul Ball, location: 2F
1-2: Ball
2-2: DOUBLE (Groundball, 5L, EV 102.5 MPH)
Gregg Whitecotton to third
Runner from 3rd tries for Home, SAFE, throw by LF to trailing runner, SAFE at third!
Batting: LHB Willie Garza 0-0: Ball
1-0: Ball
2-0: Called Strike
2-1: Ground out 3-1 (Groundball, 34, EV 96.9 MPH)
Batting: SHB Raul Flores 0-0: Swinging Strike
0-1: Ball
1-1: Ball
2-1: Foul Ball, location: 2F
2-2: Ball
3-2: Strikes out swinging
Top of the 6th over - 1 run, 2 hits, 0 errors, 1 left on base; London 1 - Paris 0
BOTTOM OF THE 6TH
Paris Cubs batting - Pitching for London Majors : LHP Shintaro Wada
Pitching: RHP Salvatore Hernandez
Batting: RHB Mike Manchester 0-0: Foul Ball, location: 2F
0-1: Ball
1-1: Swinging Strike
1-2: Strikes out swinging
Batting: RHB Shigeru Maeda 0-0: Swinging Strike
0-1: Foul Ball, location: 2F
0-2: Strikes out swinging
Batting: RHB Andrew Levitz 0-0: Swinging Strike
0-1: Called Strike
0-2: Foul Ball, location: 2F
0-2: Strikes out swinging
Bottom of the 6th over - 0 runs, 0 hits, 0 errors, 0 left on base; London 1 - Paris 0
TOP OF THE 7TH
London Majors batting - Pitching for Paris Cubs : LHP Victor Colon
Pitching: LHP Oscar Pantoja
Batting: RHB Steve Poling 0-0: Called Strike
0-1: Ball
1-1: Swinging Strike
1-2: Ball
2-2: Foul Ball, location: 2F
2-2: Ball
3-2: Foul Ball, location: 2F
3-2: Base on Balls
Batting: LHB Alfonso Collazo 0-0: Ball
1-0: SINGLE (Groundball, 4D, EV 95.0 MPH)
Steve Poling to second
Runner from 2nd tries for 3rd, SAFE, throw by RF made to third
Batting: RHB Steve Bradford 0-0: Ball
1-0: Foul Ball, location: 2F
1-1: Ball
2-1: Swinging Strike
2-2: Strikes out swinging
Batting: RHB Manny Valencia 0-0: Called Strike
0-1: Called Strike
0-2: Ball
1-2: Ball
2-2: Ball
3-2: Strikes out looking
Batting: RHB Eddie Clark 0-0: Ball
1-0: Swinging Strike
1-1: Called Strike
1-2: Ball
2-2: Ball
3-2: Base on Balls
Alfonso Collazo to second
Batting: SHB Gregg Whitecotton 0-0: Ball
1-0: Fly out, F7 (Flyball, 7D, EV 108.1 MPH)
Top of the 7th over - 0 runs, 1 hit, 0 errors, 3 left on base; London 1 - Paris 0
BOTTOM OF THE 7TH
Paris Cubs batting - Pitching for London Majors : RHP Salvatore Hernandez
Batting: SHB Marty Wiedmann 0-0: Ball
1-0: Ball
2-0: Called Strike
2-1: Ball
3-1: SINGLE (Groundball, 4MD, EV 111.3 MPH)
Batting: RHB Jonathan Gallup 0-0: Ball
1-0: Ball
2-0: Called Strike
2-1: Foul Ball, location: 2F
2-2: Foul Ball, location: 2F
2-2: Strikes out swinging
Pinch Hitting: RHB Justin Norton 0-0: SINGLE (Line Drive, 6M, EV 98.1 MPH)
Marty Wiedmann to second
Batting: LHB Steve Beckenbach 0-0: Ball
1-0: Ball
2-0: Ball
3-0: Base on Balls
Marty Wiedmann to third
Justin Norton to second
Pinch Hitting: RHB Robert Chiarello 0-0: Ball
1-0: Called Strike
1-1: Ball
2-1: Grounds into fielders choice 4-2 (Groundball, 4, EV 80.6 MPH)
Justin Norton to third
Steve Beckenbach to second
Pinch Hitting: LHB Wayne Lester 0-0: Called Strike
0-1: Ball
1-1: Ground out U3 (Groundball, 3, EV 111.3 MPH)
Bottom of the 7th over - 0 runs, 2 hits, 0 errors, 3 left on base; London 1 - Paris 0
TOP OF THE 8TH
London Majors batting - Pitching for Paris Cubs : LHP Oscar Pantoja
Pitching: RHP Freddy Leone
Now at 3B: Wayne Lester
Now in LF: Dave Montgomery
Now in CF: Alan Batha
Batting: RHB Dale Aubrey 0-0: Ground out 4-3 (Groundball, 4, EV 103.8 MPH)
Batting: LHB Willie Garza 0-0: Foul Ball, location: 2F
0-1: Fly out, F7 (Flyball, 7S, EV 83.8 MPH)
Batting: SHB Raul Flores 0-0: Fly out, F7 (Line Drive, 7D, EV 96.9 MPH)
Top of the 8th over - 0 runs, 0 hits, 0 errors, 0 left on base; London 1 - Paris 0
BOTTOM OF THE 8TH
Paris Cubs batting - Pitching for London Majors : RHP Salvatore Hernandez
Pitching: RHP Jake Wills
Batting: RHB Mike Manchester 0-0: Foul Ball, location: 2F
0-1: Swinging Strike
0-2: Ball
1-2: Ball
2-2: Foul Ball, location: 2F
2-2: Ball
3-2: Strikes out swinging
Batting: RHB Shigeru Maeda 0-0: Called Strike
0-1: Called Strike
0-2: Foul Ball, location: 2F
0-2: Strikes out swinging
Batting: RHB Andrew Levitz 0-0: Called Strike
0-1: Called Strike
0-2: Strikes out swinging
Bottom of the 8th over - 0 runs, 0 hits, 0 errors, 0 left on base; London 1 - Paris 0
TOP OF THE 9TH
London Majors batting - Pitching for Paris Cubs : RHP Freddy Leone
Batting: RHB Steve Poling 0-0: Ball
1-0: Foul Ball, location: 2F
1-1: Ball
2-1: TRIPLE (Flyball, 78XD, EV 108.1 MPH)
Batting: LHB Alfonso Collazo 0-0: Intentional Walk
Batting: RHB Steve Bradford 0-0: Foul Ball, location: 2F
0-1: Foul Ball, location: 2F
0-2: Ground out 5-3 (Groundball, 5, EV 90.0 MPH)
Alfonso Collazo to second
Batting: RHB Manny Valencia 0-0: Called Strike
0-1: Ball
1-1: Swinging Strike
Passed Ball!
Steve Poling scores
Alfonso Collazo to third
1-2: Foul Ball, location: 2F
1-2: Strikes out swinging
Batting: RHB Eddie Clark 0-0: Fly out, F8 (Line Drive, 8RD, EV 93.1 MPH)
Top of the 9th over - 1 run, 1 hit, 0 errors, 1 left on base; London 2 - Paris 0
BOTTOM OF THE 9TH
Paris Cubs batting - Pitching for London Majors : RHP Jake Wills
Pitching: RHP Alberto Piedra
Now in RF: Billy Niblett
Batting: SHB Marty Wiedmann 0-0: Ball
1-0: Ball
2-0: Called Strike
2-1: Foul Ball, location: 2F
2-2: Foul Ball, location: 2F
2-2: Ball
3-2: Strikes out swinging
Batting: RHB Jonathan Gallup 0-0: Ball
1-0: Ball
2-0: Ball
3-0: Base on Balls
Batting: RHB Dave Montgomery 0-0: Ball
1-0: SINGLE (Line Drive, 78S, EV 110.6 MPH)
Jonathan Gallup to second
Batting: LHB Steve Beckenbach 0-0: Fielders Choice at 2nd, 3-6 (Groundball, 34, EV 87.5 MPH)
Jonathan Gallup to third
Pinch Hitting: RHB Jesse Clontz 0-0: Ball
1-0: Called Strike
1-1: Swinging Strike
1-2: Foul Ball, location: 2F
1-2: Ball
2-2: Ball
3-2: Fly out, F7 (Flyball, 78M, EV 93.8 MPH)
Bottom of the 9th over - 0 runs, 1 hit, 0 errors, 2 left on base; London 2 - Paris 0
Tuesday, September 13th , 2022 - OOTP Baseball 23.7 Build 88